 Dungeon Crawl Stone Soup version 0.19.0-19-g8c6edcc (webtiles) character file.

203 AAAAA the Ducker (level 5, -2/37 HPs)
             Began as an Octopode Warper on Nov 15, 2016.
             Killed by nerve-wracking pain
             ... invoked by Grinder
              (9 damage)
             ... on level 3 of the Dungeon.
             The game lasted 00:05:59 (3198 turns).

AAAAA the Ducker (Octopode Warper)                  Turns: 3198, Time: 00:06:00

Health: -2/37      AC:  1    Str: 10    XL:     5   Next: 81%
Magic:  7/17       EV: 14    Int: 16    God:
Gold:   137        SH:  0    Dex: 12    Spells: 2 memorised, 4 levels left

rFire  . . .     SeeInvis .     a - +0 falchion
rCold  . . .     Gourm    .     (no shield)
rNeg   . . .     Faith    .     (helmet restricted)
rPois  .         Spirit   .     (no amulet)
rElec  .         Reflect  .     p - ring of magical power
rCorr  +         Harm     .     t - ring of resist corrosion
MR     .....                    (no ring)
Stlth  ++........               (no ring)
                                (no ring)
                                (no ring)
                                (no ring)
                                (no ring)

@: no status effects
A: almost no armour, stealthy swim, amphibious, 8 rings, constrict 8, camouflage
1, gelatinous body 1
a: no special abilities


You were on level 3 of the Dungeon.
You were hungry.

You visited 1 branch of the dungeon, and saw 4 of its levels.

You collected 137 gold pieces.

Inventory:

Hand Weapons
 a - a +0 falchion (weapon)
 n - a +1 dagger of draining
Missiles
 d - 5 tomahawks of dispersal (quivered)
 e - 23 stones
 l - 2 tomahawks
Jewellery
 p - a ring of magical power (left tentacle)
 t - a ring of resist corrosion (right tentacle)
Scrolls
 c - 2 scrolls of blinking
 i - a scroll of magic mapping
 j - a scroll of immolation {unknown}
 m - 2 scrolls of remove curse
 q - a scroll of teleportation {unknown}
 u - a scroll of fog {unknown}
Potions
 g - 2 potions of curing
 k - a potion of agility
 r - a potion of lignification {unknown}
Books
 b - a book of Spatial Translocations

   Spells                             Type                      Level
   a - Blink                          Translocation                2
   b - Shroud of Golubria             Charms/Translocation         2
   c - Lesser Beckoning               Translocation                3
   d - Portal Projectile              Translocation                3
   e - Teleport Other                 Translocation                3
   f - Passage of Golubria            Translocation                4
Comestibles
 f - 4 bread rations
 h - a beef jerky
 o - 2 meat rations


   Skills:
 + Level 3.8 Fighting
 + Level 3.5 Long Blades
 - Level 1.0 Throwing
 + Level 3.9 Dodging
 - Level 2.0 Spellcasting
 - Level 3.0 Translocations


You had 4 spell levels left.
You knew the following spells:

 Your Spells              Type           Power        Failure   Level  Hunger
a - Blink                 Tloc           N/A          10%         2    ###....
b - Shroud of Golubria    Chrm/Tloc      #.........   17%         2    ###....


Dungeon Overview and Level Annotations

Branches:
Dungeon (4/15)
 Temple: D:4-7

Altars:

Annotations:
D:3 Grinder; artanisace's ghost, amateur DECj


Innate Abilities, Weirdness & Mutations

You cannot wear most types of armour.
You are very stealthy in the water. (Stealth+)
You are amphibious.
You can wear up to eight rings at the same time.
You can use your tentacles to constrict eight enemies at once.
Your skin changes colour to match your surroundings (Stealth+).
Your rubbery body absorbs attacks. (AC +1, EV +1)


Message History

The bat closely misses you.
You see here a goblin corpse.
You butcher the goblin corpse.
The bat hits you but does no damage. The bat barely misses you.
You see here 2 chunks of flesh.
You closely miss the bat. Your grab misses the bat. The bat barely misses you.
The bat hits you.
* * * LOW HITPOINT WARNING * * *
You miss the bat. Your grab misses the bat. The bat closely misses you.
You hit the bat. You grab the bat.
The bat is severely wounded.
You constrict the bat.
You kill the bat!
Grinder opens the door.
Casting: Blink
Confirm with . or Enter, or press ? or * to list all spells.
You blink.
Grinder gestures at you. Pain shoots through your body!
You die...

### #.# #.# ##'## #§#
##...## #.# ##.....##
#.# ##.......## ##§##
###W
$##.........####...##
....
.'.......$.'....%..#
###.
#........?####...##
#....@..# ##....#
##.....## ####.#
##...## .# ##5## #
#.# #.# #§# #....#
#.....#


You could see Grinder.

Vanquished Creatures
  An orc priest (D:3)
  2 orc wizards (D:3)
  4 adders
  A gnoll (D:3)
  An ooze (D:2)
  2 worms
  A dart slug (D:3)
  An orc (D:3)
  8 bats
  11 goblins
  7 hobgoblins
  10 jackals
  3 ball pythons
  2 frilled lizards (D:2)
  5 kobolds
  3 rats
62 creatures vanquished.

Notes
Turn   | Place    | Note
-------+----------+-------------------------------------------
     0 | D:1      | AAAAA the Octopode Warper began the quest for the Orb.
     0 | D:1      | Reached XP level 1. HP: 14/14 MP: 3/3
   454 | D:1      | Reached XP level 2. HP: 17/19 MP: 5/5
   463 | D:1      | Learned a level 2 spell: Blink
   949 | D:2      | Reached XP level 3. HP: 22/25 MP: 6/6
  1515 | D:2      | Reached XP level 4. HP: 30/31 MP: 7/7
  1887 | D:3      | Noticed artanisace's ghost (amateur DECj)
  2218 | D:3      | Reached XP level 5. HP: 32/36 MP: 8/8
  3133 | D:2      | Learned a level 2 spell: Shroud of Golubria
  3166 | D:3      | Noticed Grinder
  3173 | D:3      | Paralysed by Grinder for 6 turns
  3198 | D:3      | Killed from afar by Grinder

Skill      XL: |  1  2  3  4 |
---------------+-------------+-----
Dodging        | 3 |  3.9
Fighting       | 3 |  3.8
Long Blades    | 3 |  3.5
Throwing       | |  1.0
Spellcasting   | |  2.0
Translocations | |  3.0

Action                   |  1- 3 |  4- 6 || total
-------------------------+-------+-------++-------
Melee: Falchion          |    61 |    60 ||   121
       Constrict         |    19 |    19 ||    38
       Tentacles         |    14 |     8 ||    22
 Cast: Blink             |       |     6 ||     6
       Shroud of Golubri |       |     2 ||     2
  Use: Scroll            |       |     4 ||     4
 Stab: Sleeping          |     3 |       ||     3
  Eat: Chunk             |     2 |     5 ||     7
Armor: Skin              |     4 |     2 ||     6
Dodge: Dodged            |    34 |    41 ||    75
       Rpst.: Falchion   |    10 |    17 ||    27
